 Dungeon Crawl Stone Soup version 0.10.2-40-g36e0077 character file.

1689150 Implojin the Politician (level 27, 115/115 (118) HPs)
             Began as a Spriggan Enchanter on Aug 8, 2012.
             Was the Champion of Ashenzari.
             Escaped with the Orb
             ... and 3 runes on Aug 10, 2012!
             The game lasted 07:26:07 (65485 turns).

Implojin the Politician (Spriggan Enchanter)       Turns: 65485, Time: 07:26:07

HP 115/115 (118) AC 18     Str  8      XL: 27
MP  48/48        EV 31     Int 24      God: Ashenzari [******]
Gold 3024        SH 25     Dex 25      Spells: 18 memorised, 12 levels left

Res.Fire  : + . .   See Invis. : +   F - +7,+8 quick blade (flame)
Res.Cold  : . . .   Warding    : . . x - +8 troll leather armour of Gluttony {Str+3 Life Prot.: . . . Conserve : . f - +3 elf buckler (curse) Res.Acid. : . . . Res.Corr. : . l - +2 wizard hat (curse)
Res.Poison: .       Clarity    : +   G - +1 cloak "Sunosunnuo" {Dex+3}
Res.Elec. : +       Spirit.Shd : .   (gloves unavailable)
Sust.Abil.: . .     Stasis     : .   (boots unavailable)
Res.Mut.  : +       Ctrl.Telep.: x   L - amulet of resist mutation
Res.Rott. : .       Levitation : .   K - cursed ring "Vypiul" {rElec MR Dam+7 Stlth Saprovore : . . . Ctrl.Flight: . T - cursed ring of protection from fire

@: very quick, uncannily resistant to hostile enchantments, very stealthy
A: unfitting armour, see invisible, berserk 1, herbivore 3, speed 3, -10% hp,
screaming 1, slow metabolism 3, Str +1, Int -3, Dex -2
a: Scrying, Transfer Knowledge, Renounce Religion
}: 3/15 runes: decaying, barnacled, silver


You escaped.
You worshipped Ashenzari.
Ashenzari was exalted by your worship.
You were not hungry.

You visited 9 branches of the dungeon, and saw 60 of its levels.
You visited 1 Labyrinth.
You visited 2 portal chambers: volcano, ice cave.

You collected 5746 gold pieces.
You spent 2742 gold pieces at shops.

Inventory:

Hand weapons
 F - a +7,+8 quick blade of flaming (weapon)
 W - a +7,+5 sabre of holy wrath
Armour
 f - a cursed +3 elven buckler (worn)
 l - a cursed +2 wizard hat (worn)
 x - the cursed +8 troll leather armour of Gluttony (worn) {Str+3 Dex+5}
   (You found it on level 8 of the Vaults)

   It affects your strength (+3).
   It affects your dexterity (+5).
   It has a curse placed upon it.
 G - the cursed +1 cloak "Sunosunnuo" (worn) {Dex+3}
   (You acquired it on level 22 of the Dungeon)

   It affects your dexterity (+3).
   It has a curse placed upon it.
Magical devices
 w - a wand of digging (2)
 P - a wand of disintegration (6)
Comestibles
 m - 2 royal jellies
Scrolls
 b - a scroll of remove curse
 h - 4 scrolls of teleportation
 u - a scroll of fear
 y - a scroll of blinking
 z - a scroll of magic mapping
 D - a scroll of holy word
Jewellery
 a - the amulet "Ghuxu" {Spirit rF+ rC+ Stlth++}
   (You found it on level 8 of the Vaults)

   [amulet of guardian spirit]

   It protects you from fire.
   It protects you from cold.
   It makes you much more stealthy.
 c - an uncursed ring of life protection
 d - an uncursed ring of life protection
 e - the ring of Fikh {Wiz MR Acc+2}
   (You found it on level 11 of the Dungeon)

   [ring of wizardry]

   It affects your accuracy (+2).
   It increases your resistance to enchantments.
 i - the ring of Robustness {AC+8}
   (You found it in a Labyrinth)

   [ring of protection]

   It affects your AC (+8).
 o - a +5 ring of evasion
 p - an uncursed amulet of clarity
 q - an uncursed ring of protection from cold
 s - the amulet of the Air {cFly +Lev rElec EV+3 Stlth++}
   (You found it on level 21 of the Dungeon)

   [amulet of controlled flight]

   It affects your evasion (+3).
   It insulates you from electricity.
   It lets you levitate.
   It makes you much more stealthy.
 v - the amulet of Caeruy {Cons rPois MR Int+1 Dam+5}
   (You found it on level 9 of the Dungeon)

   [amulet of conservation]

   It affects your intelligence (+1).
   It affects your damage-dealing abilities (+5).
   It protects you from poison.
   It increases your resistance to enchantments.
 B - an uncursed amulet of warding
 C - an uncursed ring of protection from cold
 I - an uncursed ring of poison resistance
 J - an uncursed ring of sustain abilities
 K - the cursed ring "Vypiul" (right hand) {rElec MR Dam+7 Stlth++}
   (You found it on level 1 of the Lair of Beasts)

   [ring of slaying]

   It affects your damage-dealing abilities (+7).
   It insulates you from electricity.
   It increases your resistance to enchantments.
   It makes you much more stealthy.
   It has a curse placed upon it.
 L - an amulet of resist mutation (around neck)
 O - the cursed ring "Ixailel" {+Inv rElec rC+ Int-4 Dam+6}
   (You found it on level 8 of the Vaults)

   [ring of intelligence]

   It affects your intelligence (-4).
   It affects your damage-dealing abilities (+6).
   It protects you from cold.
   It insulates you from electricity.
   It lets you turn invisible.
   It has a curse placed upon it.
 T - a cursed ring of protection from fire (left hand)
 V - the ring "Arofopre" {Fire Str+3 Dex-3}
   (You found it on level 5 of the Shoals)

   [ring of fire]

   It affects your strength (+3).
   It affects your dexterity (-3).
Potions
 j - 6 potions of curing
 n - 5 potions of heal wounds
 r - 2 potions of resistance
 A - a potion of restore abilities
Orbs of Power
 g - the Orb of Zot
Miscellaneous
 S - an ornate deck of defence {the Elixir}


   Skills:
 - Level 10.0 Fighting
 - Level 10.1 Short Blades
 - Level 1.1 Throwing
 - Level 9.0 Armour
 - Level 8.0(12.4) Dodging
 - Level 23.1(27) Stealth
 O Level 27 Stabbing
 - Level 9.0(11.9) Shields
 - Level 14.0 Traps & Doors
 - Level 22.4 Spellcasting
 * Level 16.3(18.8) Conjurations
 - Level 14.0(16.6) Hexes
 - Level 14.0(16.6) Charms
 - Level 6.2(9.3) Fire Magic
 - Level 0.4(1.5) Ice Magic
 - Level 1.1(2.9) Air Magic


You had 12 spell levels left.
You knew the following spells:

 Your Spells              Type           Power        Failure   Level  Hunger
a - Corona                Hex            ########     0%          1    None
b - Ensorcelled Hibernat  Ice/Hex        #######      1%          2    None
c - Confuse               Hex            ########.    0%          3    None
d - Invisibility          Hex            ########.    1%          6    Sultana
e - Haste                 Chrm           ########.    1%          6    Sultana
f - Conjure Flame         Fire/Conj      #######..    0%          3    None
g - Sticky Flame          Fire/Conj      #######..    1%          4    None
h - Repel Missiles        Air/Chrm       #######...   1%          2    None
i - Regeneration          Chrm/Necr      #######...   1%          3    None
j - Fire Brand            Fire/Chrm      #######...   0%          2    None
k - Apportation           Tloc           #####.....   1%          1    None
l - Blink                 Tloc           N/A          1%          2    None
m - Summon Butterflies    Summ           #####....    1%          1    None
n - Projected Noise       Hex            N/A          0%          2    None
o - Flight                Air/Chrm       #######...   1%          3    None
p - Deflect Missiles      Air/Chrm       #######...   6%          6    Sultana
q - Orb of Destruction    Conj           ########..   1%          7    Honeycomb
r - Petrify               Erth/Trmt      #####....    17%         4    None


Dungeon Overview and Level Annotations

Branches:
Dungeon (27/27)            Temple (1/1) D:4             Orc (0/4) D:7
   Lair (4/8) D:10          Swamp (5/5) Lair:3       Shoals (5/5) Lair:3
  Vault (8/8) D:16          Blade (1/1) Vault:6       Crypt (4/5) Vault:2
   Tomb (0/3) Crypt:2         Zot (5/5) D:27

Altars:
Ashenzari
Cheibriados
Elyvilon
Fedhas
Kikubaaqudgha
Makhleb
Nemelex Xobeh
Okawaru
Sif Muna
The Shining One
Trog
Vehumet
Xom
Yredelemnul
Zin
Beogh

Shops:
D:4: [ D:10: ( D:12: / D:21: [ Vault:2: % Vault:4: *?% Vault:7: +

Portals:
Hell: D:21 D:22 D:23 D:25 D:26 D:27
Abyss: D:23 D:25 D:26 D:27
Pan: D:21 D:24 D:26

Annotations
D:16 Nessos
D:21 Mennas
Shoals:5 Polyphemus
Crypt:3 exclusion: curse skull
Crypt:4 exclusion: 2 curse skulls, Saint Roka
Zot:5 BrocoLee's ghost, legendary OpFE


Innate Abilities, Weirdness & Mutations

You are tiny and cannot use many weapons and most armour.
You have supernaturally acute eyesight.
You are a herbivore.
You cover ground extremely quickly.
You need consume almost no food.
You tend to lose your temper in combat.
You are clumsy (Dex -2).
You are dopey (Int -3).
You are frail (-10% HP).
You occasionally shout uncontrollably.
Your muscles are strong (Str +1).


Message History

You sense a powerful magical force warping space.
There is a stone staircase leading down here.
You see here an uncursed hand axe.
Evoke which item? (* to show all) (? for menu, Esc to quit)
Zapping:
w - a wand of digging (3)
Press: ? - help, Shift-Dir - straight line The rock liquefies and sinks out of sight.
This wand has 2 charges left.
A blue devil comes into view.
There is a stone staircase leading up here.
You climb upwards.
You sense a powerful magical force warping space.
There is a stone staircase leading down here.
You see here a +0 robe.
A dart shoots out and misses you.
There is a dart trap here.
You see here 2 darts.
There is an escape hatch in the ceiling here.
Are you sure you want to win?
You have escaped!

#.# #........#
#.###########........# #
#.....................
########################........#
.................................
###############################.#
# #.# ###################.#
#...@...........^.[..
#.#######.....#####.# #.# #.....#
#.# #.# #.....# #.# #.# #.....#
#.# #########.#######.....# #.#
#.......(..........^..# #.#
#.#######.#######.....# #.#
#####.# #.# ##.########.#


There were no monsters in sight!

Vanquished Creatures
  4 ancient liches (Zot:5)
  2 orbs of fire (Zot:5)
  A curse toe (Zot:5)
  Mara (Vault:4)
  Margery (Vault:6)
  3 Killer Klowns (Zot:5)
  Xtahua (D:27)
  2 electric golems (Zot:5)
  A lich (D:23)
  Nikola (Crypt:1)
  21 Orb Guardians (Zot:5)
  2 titans
  A quicksilver dragon (D:23)
  10 storm dragons
  9 shadow dragons
  Kirke (Swamp:2)
  A kraken (Shoals:3)
  5 sphinxes
  Rupert (D:17)
  Agnes (D:21)
  Frances (Vault:3)
  4 draconian knights
  Roxanne (D:14)
  4 draconian monks
  Aizul (Vault:2)
  5 ghouls (Crypt:3)
  9 frost giants
  The ghost of tsouns the Eclecticist, a powerful DrFE of Vehumet (Port)
  Donald (D:16)
  An orc warlord (D:14)
  Wiglaf (Vault:4)
  An iron dragon (Vault:8)
  2 bone dragons (Zot:5)
  2 draconian zealots
  4 draconian scorchers
  4 fire giants
  3 draconian annihilators
  51 stone giants
  A tentacled monstrosity (Zot:5)
  A draconian shifter (Zot:1)
  4 green draconians
  A draconian caller (Zot:5)
  4 yellow draconians
  2 grey draconians
  Jozef (D:11)
  4 red draconians
  4 purple draconians
  5 mottled draconians
  2 spriggan defenders (D:27)
  5 black draconians
  2 white draconians
  A deep elf death mage (Vault:8)
  2 pale draconians (Zot:5)
  A deep elf sorcerer (D:22)
  A dragon (shapeshifter) (Vault:8)
  24 vault guards (Vault:8)
  53 yaktaur captains
  A minotaur (shapeshifter) (D:24)
  12 ettins
  A storm dragon zombie (Zot:3)
  A mummy priest (Crypt:2)
  A titan skeleton (Crypt:3)
  A minotaur (Lab)
  6 great orbs of eyes
  3 storm dragon skeletons
  5 dragons
  3 ice dragons
  3 merfolk aquamancers (Shoals:5)
  Josephine (D:13)
  11 hydras
  13 ogre magi
  A merfolk javelineer (Shoals:5)
  4 death cobs
  18 dancing weapons (Blade)
  A golden dragon skeleton (Crypt:4)
  5 rakshasas (D:26)
  2 sphinx zombies
  A spriggan berserker (D:27)
  3 spriggan druids (D:27)
  3 merfolk impalers (Shoals:5)
  A draconian zombie (Zot:3)
  A stone giant zombie (D:24)
  An alligator (Swamp:5)
  A sphinx skeleton (D:23)
  16 centaur warriors
  A death yak (Shoals:5)
  3 very ugly things (D:23)
  A fire giant zombie (D:20)
  An iron dragon skeleton (D:22)
  2 orc high priests
  17 deep trolls
  Nergalle (D:14)
  2 emperor scorpions (shapeshifter) (D:24)
  5 stone giant skeletons
  A fire giant skeleton (Vault:4)
  2 frost giant skeletons
  8 iron trolls
  8 deep elf knights
  10 hell knights
  22 skeletal warriors
  2 giant orange brains
  2 white draconian zombies
  3 vapours (D:26)
  6 sea snakes
  7 unseen horrors
  Erolcha (D:12)
  A shadow wraith (Crypt:3)
  20 orc knights
  A grey draconian zombie (Zot:3)
  2 green draconian zombies (Crypt:3)
  A yellow draconian zombie (Crypt:3)
  2 red draconian zombies
  A giant amoeba (shapeshifter) (Vault:8)
  4 wizards
  9 hill giants
  An iron troll zombie (Vault:2)
  3 flayed ghosts
  A hill giant (shapeshifter) (Vault:8)
  4 ice statues
  9 harpies
  5 giant amoebae
  A black draconian skeleton (Crypt:3)
  An elf (shapeshifter) (Vault:2)
  Joseph (D:7)
  A minotaur zombie (Crypt:4)
  A hydra zombie (D:12)
  2 cyclopes (shapeshifter)
  2 necromancers
  A flaming corpse (Crypt:3)
  5 orc sorcerers
  An iron troll skeleton (Vault:7)
  9 griffons
  8 spiny worms
  4 cyclopes
  A griffon zombie (Vault:2)
  4 phantasmal warriors
  A fire crab (shapeshifter) (Vault:8)
  Maurice (D:9)
  A black mamba (Lair:1)
  20 moths of wrath
  A moth of wrath (shapeshifter) (Vault:8)
  A wolf spider zombie (D:14)
  4 stone golems (D:22)
  2 guardian serpent skeletons
  A stone giant simulacrum (D:24)
  An ettin zombie (Vault:1)
  2 fire crabs
  A trapdoor spider (D:18)
  An eye of devastation (D:14)
  An orange demon (Vault:7)
  2 wolf spiders
  70 yaktaurs
  12 feature mimics
  7 spiny frogs
  A queen ant (shapeshifter) (Vault:8)
  2 ettin skeletons
  A dragon skeleton (Vault:2)
  A human (shapeshifter) (Vault:8)
  61 slime creatures
  A griffon skeleton (Crypt:2)
  A queen ant zombie (Crypt:1)
  An alligator skeleton (Crypt:2)
  An ice dragon skeleton (Vault:1)
  A black mamba skeleton (Crypt:4)
  3 efreeti
  2 iron devils
  8 guardian mummies (Crypt:2)
  10 rock trolls
  147 ugly things
  2 hill giant skeletons
  3 mermaids
  A queen bee (Lair:2)
  A snapping turtle (shapeshifter) (Vault:8)
  A smoke demon (Zot:3)
  20 spriggans (D:27)
  Prince Ribbit (D:6)
  3 komodo dragons
  A rock troll zombie (Vault:4)
  2 spriggans (shapeshifter)
  A polar bear (shapeshifter) (Vault:1)
  A human zombie (Vault:6)
  2 redbacks
  7 wandering mushrooms
  23 trolls
  30 two-headed ogres
  A deep troll zombie (D:19)
  An agate snail zombie (Crypt:2)
  4 silent spectres
  A bog mummy (Swamp:1)
  18 humans (D:16)
  3 redback zombies (D:25)
  6 snapping turtles
  2 rock troll skeletons
  2 deep troll skeletons
  A giant firefly (D:27)
  3 grizzly bears (D:27)
  3 orc zombies (D:14)
  2 blink frog zombies (D:25)
  3 basilisks
  An elephant zombie (Crypt:2)
  10 wraiths
  A wyvern (D:15)
  A lindwurm zombie (Crypt:3)
  54 yaks
  5 blink frogs (D:21)
  A ynoxinul (D:9)
  A grizzly bear (shapeshifter) (Vault:5)
  6 toenail golems
  9 vampires
  3 sharks
  5 steam dragons
  4 bumblebees (D:27)
  Grum (D:10)
  2 hogs (Swamp:2)
  5 wood golems
  2 item mimics
  3 deep elf conjurers
  A blink frog skeleton (Crypt:3)
  5 clay golems
  9 hippogriffs
  3 merfolk (shapeshifter)
  10 mottled dragons
  10 war dogs
  27 merfolk
  2 deep elf fighters
  A rock worm (D:18)
  30 vampire mosquitoes
  A komodo dragon zombie (D:27)
  8 manticores
  A soldier ant (D:16)
  10 fire drakes
  12 freezing wraiths
  A mottled dragon (shapeshifter) (D:21)
  10 swamp worms
  A deep elf priest (D:22)
  17 necrophages
  An insubstantial wisp (Swamp:1)
  A cyclops skeleton (D:21)
  2 yellow wasps
  4 swamp drakes (Swamp:5)
  2 bumblebee zombies (D:25)
  A manticore skeleton (Crypt:3)
  3 sky beasts
  13 ice beasts
  2 red devils
  9 phantoms
  3 black bears (D:27)
  31 centaurs
  A giant goldfish (Lair:3)
  A kobold demonologist (Vault:3)
  52 orc warriors
  49 ogres
  A queen bee zombie (Crypt:2)
  A troll skeleton (D:14)
  5 crocodiles
  3 wargs
  A giant slug (Vault:8)
  A giant slug (shapeshifter) (D:24)
  A wolf skeleton (Crypt:3)
  A giant leech (shapeshifter) (Vault:3)
  4 water moccasins
  2 boring beetle zombies
  3 boulder beetle zombies
  7 wolves
  A soldier ant zombie (D:14)
  2 big kobolds
  A basilisk zombie (D:25)
  A giant leech (Swamp:1)
  8 giant frogs
  3 centaur zombies
  Blork the orc (D:4)
  3 agate snails
  2 centaur skeletons (D:14)
  2 basilisk skeletons
  A two-headed ogre skeleton (D:13)
  A black bear skeleton (Crypt:3)
  A water moccasin skeleton (D:10)
  A boulder beetle (shapeshifter) (Vault:8)
  2 eyes of draining
  An eye of draining (shapeshifter) (D:13)
  47 killer bees
  7 jellyfish
  3 killer bee zombies
  3 boulder beetles
  5 goliath beetles
  5 big kobold zombies
  2 brain worm zombies (D:25)
  A crocodile zombie (Crypt:3)
  A deep dwarf zombie (D:25)
  2 demigod zombies (D:25)
  23 wights
  20 crimson imps
  10 electric eels
  20 orc priests
  2 lava snakes (Swamp:5)
  A quasit (D:11)
  4 shadows
  3 big kobold skeletons
  6 big fish
  3 draconians (shapeshifter)
  6 hounds
  2 hound skeletons
  8 iguanas
  3 porcupines (Lair:2)
  4 worker ant zombies
  6 jellies
  4 scorpions
  8 deep elf soldiers
  A naga skeleton (Crypt:2)
  13 worker ants
  8 orange rats
  20 orc wizards
  Ijyb (D:4)
  Jessica (D:3)
  9 sheep
  A steam dragon skeleton (Crypt:1)
  3 boggarts (D:18)
  A jelly (shapeshifter) (Vault:8)
  A mummy (Crypt:4)
  15 gnolls
  17 adders
  4 giant centipede zombies
  2 scorpion zombies (D:25)
  A shadow imp (D:14)
  3 adder skeletons
  A giant centipede (D:16)
  A giant mite (D:7)
  23 green rats
  A sheep skeleton (Crypt:1)
  2 worms (D:24)
  An ufetubus (Vault:4)
  9 grey rats
  A bat skeleton (D:10)
  A bat zombie (D:5)
  A giant eyeball (D:10)
  5 giant geckos
  99 orcs
  6 ball pythons
  45 bats
  6 giant cockroaches
  32 hobgoblins
  12 jackals
  8 quokkas
  A ball python zombie (D:25)
  A giant cockroach zombie (Crypt:2)
  2 giant gecko skeletons
  7 giant newts
  A giant spore (D:5)
  18 goblins
  A goblin zombie (D:25)
  A hobgoblin skeleton (D:12)
  A hobgoblin zombie (D:25)
  13 illusory rakshasas
  A killer bee larva zombie (D:25)
  42 kobolds
  2 kobold skeletons
  2 kobold zombies
  3 orc skeletons
  A quokka zombie (D:7)
  37 rats
  A rat skeleton (D:5)
  A ballistomycete (D:5)
  A butterfly (Vault:4)
  2 crawling corpses (Zot:3)
  5 fungi
  5 plants
  38 toadstools
2393 creatures vanquished.

Vanquished Creatures (others)
  A cyclops (Vault:3)
  An eye of devastation (shapeshifter) (D:18)
  A two-headed ogre (D:14)
  A black bear (D:27)
  A worker ant (D:11)
  A boggart (D:18)
  2 green rats (D:25)
  A grey rat (D:25)
  2 orcs (D:18)
  3 jackals (Lair:2)
  A bat (D:5)
  A goblin zombie (D:25)
  A kobold (D:8)
  A rat (D:1)
  A plant (D:27)
  11 tentacles (Shoals:4)
  454 tentacle segments (Shoals:4)
  548 toadstools
1032 creatures vanquished.

Grand Total: 3425 creatures vanquished

Notes
Turn   | Place    | Note
--------------------------------------------------------------
     0 | D:1      | Implojin, the Spriggan Enchanter, began the quest for the Orb.
     0 | D:1      | Reached XP level 1. HP: 9/9 MP: 4/4
   348 | D:1      | Reached XP level 2. HP: 7/13 MP: 6/6
   710 | D:1      | Reached skill level 4 in Stabbing
   779 | D:1      | Learned a level 2 spell: Ensorcelled Hibernation
  1206 | D:2      | Reached skill level 5 in Stabbing
  1482 | D:2      | Reached XP level 3. HP: 11/16 MP: 6/9
  1729 | D:2      | Reached skill level 6 in Stabbing
  1904 | D:3      | Noticed Jessica
  1913 | D:3      | Killed Jessica
  1962 | D:3      | Reached XP level 4. HP: 18/21 MP: 1/11
  1973 | D:3      | Found an iron altar of Okawaru.
  2182 | D:3      | Reached skill level 5 in Hexes
  2837 | D:4      | Noticed Ijyb
  2846 | D:4      | Killed Ijyb
  2846 | D:4      | Reached XP level 5. HP: 24/24 MP: 10/13
  2873 | D:4      | Found Weukheoz's Antique Armour Shop.
  2881 | D:4      | Bought a glowing orcish wizard hat for 50 gold pieces
  2887 | D:4      | Found a staircase to the Ecumenical Temple.
  2928 | D:4      | Reached skill level 7 in Hexes
  2942 | Temple   | Entered the Ecumenical Temple
  3006 | Temple   | Became a worshipper of Ashenzari the Shackled
  3051 | D:4      | Reached XP level 6. HP: 28/28 MP: 8/16
  3098 | D:4      | Learned a level 3 spell: Confuse
  3256 | D:4      | Noticed Blork the orc
  3291 | D:4      | Killed Blork the orc
  3291 | D:4      | Reached skill level 8 in Hexes
  3937 | D:5      | Entered Level 5 of the Dungeon
  4092 | D:5      | Reached XP level 7. HP: 32/32 MP: 2/19
  4656 | D:5      | Reached XP level 8. HP: 36/36 MP: 20/24
  4678 | D:5      | Learned a level 6 spell: Invisibility
  5094 | D:6      | Found a radiant altar of Vehumet.
  5405 | D:6      | Noticed Prince Ribbit
  5426 | D:6      | Killed Prince Ribbit
  5641 | D:7      | Noticed Joseph
  5648 | D:7      | Reached skill level 9 in Hexes
  5934 | D:7      | Found a staircase to the Orcish Mines.
  5965 | D:7      | Found a basalt altar of Yredelemnul.
  5992 | D:7      | Reached XP level 9. HP: 37/39 MP: 19/27
  6020 | D:7      | Killed Joseph
  6020 | D:7      | Reached skill level 10 in Hexes
  7297 | D:7      | Reached skill level 11 in Hexes
  7963 | D:8      | Reached skill level 12 in Hexes
  8507 | D:8      | Gained mutation: You are dopey (Int -1).
  8507 | D:8      | Gained mutation: You have a pair of small antennae on your head.
  8507 | D:8      | Gained mutation: You are partially covered in slimy green scales (AC +1).
  8896 | D:9      | Got an uncursed warped crystal amulet
  8929 | D:9      | Noticed Maurice
  8972 | D:9      | Killed Maurice
  8972 | D:9      | Reached XP level 10. HP: 44/44 MP: 28/28
  9132 | D:9      | Reached skill level 13 in Hexes
  9426 | D:9      | Acquired Ashenzari's first power
  9782 | D:10     | Entered Level 10 of the Dungeon
  9807 | D:10     | Reached skill level 14 in Hexes
  9849 | D:10     | Reached skill level 10 in Stabbing
 10168 | D:10     | Found Gerodwa Tuir's Weapon Shop.
 10228 | D:10     | Noticed Grum
 10335 | D:10     | Found a staircase to the Lair.
 10468 | D:10     | Killed Grum
 10572 | D:10     | Reached skill level 5 in Short Blades
 10572 | D:10     | Reached XP level 11. HP: 30/47 MP: 10/29
 10627 | D:10     | Identified the +4 chain mail "Choer"
 10889 | Lair:1   | Entered Level 1 of the Lair of Beasts
 10916 | Lair:1   | Paralysed by a potion of paralysis for 4 turns
 10931 | Lair:1   | Got an uncursed brightly glowing tin ring
 10970 | Lair:1   | Found a dark tunnel.
 10998 | Volcano  | Entered a volcano
 11245 | Volcano  | Found a burning altar of Makhleb.
 11822 | Lair:1   | Acquired Ashenzari's second power
 11840 | Lair:1   | Reached skill level 5 in Dodging
 11950 | Lair:1   | Gained mutation: You are robust (+10% HP).
 11950 | Lair:1   | Gained mutation: You are agile (Dex +1).
 11950 | Lair:1   | Lost mutation: You are partially covered in slimy green scales (AC +1).
 11962 | Lair:1   | Identified the ring "Vypiul" (You found it on level 1 of the Lair of Beasts)
 12396 | Lair:2   | Identified a scroll of acquirement
 12454 | Lair:2   | Reached skill level 5 in Stealth
 12655 | Lair:2   | Identified the amulet of Caeruy (You found it on level 9 of the Dungeon)
 12891 | Lair:2   | Reached skill level 10 in Stealth
 13128 | Lair:2   | Reached XP level 12. HP: 56/56 MP: 27/31
 13381 | Lair:2   | Learned a level 6 spell: Haste
 13518 | Lair:3   | Found a staircase to the Swamp.
 13543 | Lair:3   | Reached skill level 10 in Spellcasting
 13552 | Lair:3   | Reached skill level 1 in Charms
 13744 | Lair:3   | Identified the +1 robe of Skeed
 13850 | Lair:3   | Reached skill level 5 in Charms
 14033 | Lair:3   | Found a staircase to the Shoals.
 14445 | D:11     | Identified the ring of Fikh
 14512 | D:11     | Noticed Jozef
 14521 | D:11     | Killed Jozef
 14521 | D:11     | Reached skill level 10 in Charms
 14655 | D:11     | Acquired Ashenzari's third power
 14931 | D:12     | Found Baqal's Magical Wand Boutique.
 15173 | D:12     | Noticed Erolcha
 15179 | D:12     | Killed Erolcha
 15494 | D:13     | Learned a level 3 spell: Conjure Flame
 15499 | D:13     | Learned a level 4 spell: Sticky Flame
 15693 | D:13     | Reached skill level 1 in Conjurations
 15861 | D:13     | Reached XP level 13. HP: 60/60 MP: 10/33
 15933 | D:13     | Noticed Josephine
 15953 | D:13     | Killed Josephine
 16174 | D:13     | Reached skill level 5 in Conjurations
 16196 | D:14     | Entered Level 14 of the Dungeon
 16341 | D:14     | Noticed an orc warlord
 16352 | D:14     | Killed an orc warlord
 16430 | D:14     | Learned a level 2 spell: Repel Missiles
 16434 | D:14     | Learned a level 3 spell: Regeneration
 16663 | D:14     | Reached skill level 1 in Air Magic
 16870 | D:14     | Noticed an orc sorcerer
 16870 | D:14     | Noticed Nergalle
 16883 | D:14     | Killed Nergalle
 16899 | D:14     | Killed an orc sorcerer
 17001 | D:14     | Found a roughly hewn altar of Beogh.
 17047 | D:14     | Noticed an orc high priest
 17448 | D:13     | Learned a level 2 spell: Fire Brand
 17736 | D:14     | Noticed Roxanne
 18317 | D:14     | Killed Roxanne
 19111 | D:15     | Entered Level 15 of the Dungeon
 19127 | D:15     | the staircase to the Vaults was a mimic.
 19175 | D:15     | Acquired Ashenzari's fourth power
 19466 | D:15     | Reached skill level 10 in Conjurations
 19476 | D:15     | Found a snail-covered altar of Cheibriados.
 19675 | D:15     | Reached skill level 1 in Fire Magic
 20154 | D:16     | Reached XP level 14. HP: 64/64 MP: 32/34
 20375 | D:16     | Found a staircase to the Vaults.
 20377 | D:16     | Noticed Donald
 20407 | D:16     | Killed Donald
 20407 | D:16     | Reached skill level 5 in Fire Magic
 20514 | D:16     | Reached skill level 1 in Fighting
 20770 | D:16     | Paralysed by you for 4 turns
 20930 | D:16     | Reached skill level 5 in Fighting
 20936 | D:16     | Noticed Nessos
 21240 | D:17     | Noticed Rupert
 21289 | D:17     | Killed Rupert
 23124 | D:18     | Reached XP level 15. HP: 35/81 MP: 29/35
 23632 | D:19     | Reached skill level 10 in Fighting
 23786 | D:19     | Reached skill level 5 in Traps & Doors
 24382 | D:20     | Entered Level 20 of the Dungeon
 24664 | D:20     | Reached skill level 10 in Traps & Doors
 25257 | D:21     | Found a one-way gate leading to the halls of Pandemonium.
 25320 | D:21     | Noticed Mennas
 25658 | Vault:1  | Entered Level 1 of the Vaults
 26466 | Vault:2  | Noticed Aizul
 26467 | Vault:2  | Killed Aizul
 26467 | Vault:2  | Reached XP level 16. HP: 89/89 MP: 36/36
 26600 | Vault:2  | Found Qittom's Food Shop.
 27147 | Vault:2  | Reached skill level 15 in Stabbing
 27343 | Vault:2  | Found a staircase to the Crypt.
 27343 | Vault:2  | Found an ancient bone altar of Kikubaaqudgha.
 27344 | Vault:2  | Found a basalt altar of Yredelemnul.
 27375 | Crypt:1  | Entered Level 1 of the Crypt
 27522 | Crypt:1  | Noticed Nikola
 27928 | Crypt:1  | Killed Nikola
 27928 | Crypt:1  | Reached skill level 16 in Stabbing
 28237 | Crypt:1  | Identified the +0,+3 scimitar of the Ten Stars
 28650 | Crypt:2  | Found a labyrinth entrance.
 28654 | Lab      | Entered a Labyrinth
 29196 | Lab      | Identified the ring of Robustness (You found it in a Labyrinth)
 29359 | Crypt:2  | Reached skill level 17 in Stabbing
 29532 | Crypt:2  | Reached skill level 18 in Stabbing
 30078 | Crypt:2  | Found a staircase to the Tomb.
 30290 | Crypt:3  | Reached XP level 17. HP: 93/93 MP: 36/36
 30459 | Crypt:3  | Reached skill level 19 in Stabbing
 30995 | Crypt:3  | Gained mutation: You occasionally shout uncontrollably.
 31016 | Crypt:3  | Lost mutation: You are robust (+10% HP).
 31315 | Crypt:3  | Reached skill level 20 in Stabbing
 31326 | Crypt:3  | HP: 2/82 [titan skeleton[a necromancer] (42)]
 31665 | Crypt:3  | Identified the cursed +6,+5 short sword of Fehousess (You acquired it on level 3 of the Crypt)
 31710 | Crypt:3  | Identified the cursed -1 blowgun "Plog"
 31884 | Crypt:4  | Noticed Saint Roka
 33287 | Vault:3  | Noticed Frances
 33288 | Vault:3  | Killed Frances
 33817 | Vault:3  | Reached skill level 15 in Stealth
 33981 | Vault:3  | Reached skill level 1 in Shields
 34346 | Vault:4  | Noticed Wiglaf
 34457 | Vault:4  | Killed Wiglaf
 34493 | Vault:4  | Noticed a deep elf conjurer
 34502 | Vault:4  | Killed a deep elf conjurer
 34628 | Vault:4  | Found Otainob's Food Shop.
 34664 | Vault:4  | Reached XP level 18. HP: 87/87 MP: 33/37
 34782 | Vault:4  | Reached skill level 5 in Shields
 34878 | Vault:4  | Found Stia's Magic Scroll Shoppe.
 34884 | Vault:4  | Found Coushaddum's Assorted Antiques.
 34887 | Vault:4  | Bought a scroll of vulnerability for 90 gold pieces
 34897 | Vault:4  | Bought a scroll of remove curse for 36 gold pieces
 34937 | Vault:4  | Noticed Mara
 34941 | Vault:4  | Killed Mara
 35062 | Vault:4  | Noticed a deep elf demonologist
 35062 | Vault:4  | Noticed a deep elf conjurer
 35490 | Vault:4  | Bought a scroll of remove curse for 36 gold pieces
 36429 | Vault:6  | Noticed Margery
 36453 | Vault:6  | Found a staircase to the Hall of Blades.
 37166 | Vault:6  | Killed Margery
 37512 | Vault:7  | Found a frozen archway.
 37544 | IceCv    | Entered an ice cave
 37544 | IceCv    | Noticed tsouns' ghost (powerful DrFE)
 37560 | IceCv    | Killed tsouns' ghost
 37560 | IceCv    | Reached skill level 21 in Stabbing
 37573 | IceCv    | Reached XP level 19. HP: 91/91 MP: 36/37
 37878 | Vault:7  | Found Smaphakipp's Book Shoppe.
 37887 | Vault:7  | Bought a book of the Sky for 1365 gold pieces
 37887 | Vault:7  | Bought a book of Party Tricks for 1050 gold pieces
 37896 | Vault:7  | Learned a level 1 spell: Apportation
 37899 | Vault:7  | Learned a level 2 spell: Blink
 37901 | Vault:7  | Learned a level 1 spell: Summon Butterflies
 37904 | Vault:7  | Learned a level 2 spell: Projected Noise
 38131 | Vault:7  | Identified the +6,+9 morningstar "Qeshum"
 38169 | Vault:7  | Noticed a deep elf conjurer
 38181 | Vault:7  | Killed a deep elf conjurer
 38863 | Vault:8  | Entered Level 8 of the Vaults
 38863 | Vault:8  | Identified the amulet "Ghuxu"
 38866 | Vault:8  | Reached skill level 22 in Stabbing
 38993 | Vault:8  | Noticed a deep elf death mage
 39000 | Vault:8  | Identified the +8 troll leather armour of Gluttony
 39009 | Vault:8  | Killed a deep elf death mage
 39009 | Vault:8  | Reached skill level 23 in Stabbing
 39024 | Vault:8  | Identified a rod of striking
 39375 | Vault:8  | Reached skill level 1 in Armour
 39381 | Vault:8  | Reached XP level 20. HP: 97/97 MP: 33/38
 39440 | Vault:8  | Got a levitating book
 39441 | Vault:8  | Identified the Grimoire of Assistive Execration (You found it on level 8 of the Vaults)
 39454 | Vault:8  | Noticed an iron dragon
 39654 | Vault:8  | Noticed a guardian serpent
 39654 | Vault:8  | Noticed a shining eye
 39654 | Vault:8  | a merfolk changed into a shining eye
 39656 | Vault:8  | a guardian serpent changed into a cyclops
 40138 | Vault:8  | Killed an iron dragon
 40138 | Vault:8  | Reached skill level 5 in Armour
 40163 | Vault:8  | Identified the ring of Agasuc
 40173 | Vault:8  | Got a glistering book
 40228 | Vault:8  | Noticed a pulsating lump
 40228 | Vault:8  | an emperor scorpion changed into a pulsating lump
 40529 | Vault:8  | Noticed a shining eye
 40534 | Vault:8  | a shining eye changed into a moth of wrath
 40574 | Vault:7  | Gained mutation: You heal slowly.
 40959 | Vault:8  | Got a droning book
 40979 | Vault:8  | Identified Pseuthre's Handbook of the Volcanoes and Beguiling (You found it on level 8 of the Vaults)
 40981 | Vault:8  | Identified the Handbook of Fiery Attacks (You found it on level 8 of the Vaults)
 41574 | Vault:8  | Reached XP level 21. HP: 23/101 MP: 28/39
 41870 | Vault:8  | Identified a rod of warding
 41957 | Vault:8  | Identified the cursed -3,-1 long sword of the Spider
 41970 | Vault:8  | Reached skill level 24 in Stabbing
 42011 | Vault:8  | Identified the cursed ring "Ixailel"
 42016 | Vault:8  | Identified the +1,+2 hammer of Virtue
 42033 | Vault:8  | Got a silver rune of Zot
 42708 | Blade    | Entered the Hall of Blades
 42798 | Blade    | Reached skill level 25 in Stabbing
 43705 | D:18     | Gained mutation: Your muscles are strong (Str +1).
 43904 | D:20     | Learned a level 3 spell: Flight
 44207 | Swamp:1  | Entered Level 1 of the Swamp
 44280 | Swamp:1  | Found a shimmering altar of Xom.
 44456 | Swamp:2  | Noticed Kirke
 44482 | Swamp:2  | Killed Kirke
 44639 | Swamp:5  | Entered Level 5 of the Swamp
 44885 | Swamp:5  | Got a decaying rune of Zot
 45081 | Shoals:1 | Entered Level 1 of the Shoals
 45495 | Shoals:5 | Entered Level 5 of the Shoals
 45545 | Shoals:5 | Identified the ring "Arofopre"
 45751 | Shoals:5 | Got a barnacled rune of Zot
 45778 | Shoals:5 | Noticed Polyphemus
 46042 | Shoals:3 | Reached XP level 22. HP: 98/106 MP: 42/42
 46313 | Shoals:1 | Found a snail-covered altar of Cheibriados.
 46432 | Lair:2   | Learned a level 6 spell: Deflect Missiles
 46807 | D:21     | Noticed Agnes
 46833 | D:21     | Killed Agnes
 46957 | D:21     | Found Zelu's Antique Armour Boutique.
 46967 | D:21     | Bought a phosphorescent cloak for 102 gold pieces
 46967 | D:21     | Identified the +0 cloak of Starlight (You bought it in a shop on level 21 of the Dungeon)
 46968 | D:21     | Bought a glowing orcish cloak for 13 gold pieces
 47068 | D:21     | Reached skill level 15 in Spellcasting
 47331 | D:21     | Found a gateway to Hell.
 47465 | D:21     | Identified the amulet of the Air
 47753 | D:22     | Noticed a deep elf conjurer
 47755 | D:22     | Noticed a deep elf priest
 47769 | D:22     | Killed a deep elf conjurer
 47775 | D:22     | Killed a deep elf priest
 48209 | D:22     | Identified the cursed +1 cloak "Sunosunnuo" (You acquired it on level 22 of the Dungeon)
 48687 | D:22     | Noticed a toenail golem
 48687 | D:22     | Noticed a toenail golem
 48687 | D:22     | Noticed a toenail golem
 48687 | D:22     | Noticed a toenail golem
 48690 | D:22     | Killed a toenail golem
 48692 | D:22     | Killed a toenail golem
 48693 | D:22     | Killed a toenail golem
 48696 | D:22     | Killed a toenail golem
 48816 | D:22     | Noticed a deep elf sorcerer
 48822 | D:22     | Killed a deep elf sorcerer
 48997 | D:23     | Found a one-way gate to the infinite horrors of the Abyss.
 49060 | D:23     | Identified the ring "Qoegedir"
 49988 | D:23     | Noticed a quicksilver dragon
 50010 | D:23     | Killed a quicksilver dragon
 50335 | D:23     | Learned a level 7 spell: Orb of Destruction
 50412 | D:24     | Reached XP level 23. HP: 110/110 MP: 45/45
 50513 | D:24     | Got a sparkling book
 50514 | D:24     | Identified the Almanac of Hurtful Envenoming (You found it on level 24 of the Dungeon)
 50569 | D:24     | Identified the +13 plate armour of Axtus
 52052 | D:25     | Entered Level 25 of the Dungeon
 52480 | D:25     | Learned a level 4 spell: Petrify
 52481 | D:25     | Lost mutation: You have a pair of small antennae on your head.
 52481 | D:25     | Lost mutation: You occasionally shout uncontrollably.
 52481 | D:25     | Lost mutation: You are agile (Dex +1).
 52481 | D:25     | Lost mutation: You heal slowly.
 52900 | D:25     | Identified the +0 plate armour of the Armadillo
 52955 | D:25     | Gained mutation: You are dopey (Int -2).
 53130 | D:26     | Reached XP level 24. HP: 116/116 MP: 45/47
 53344 | D:26     | Noticed a vapour
 53356 | D:26     | Killed a vapour
 53566 | D:26     | Identified the +4,+6 staff "Throthreu"
 53576 | D:26     | Noticed a vapour
 53587 | D:26     | Killed a vapour
 53591 | D:26     | Noticed a vapour
 53594 | D:26     | Killed a vapour
 54615 | D:27     | Entered Level 27 of the Dungeon
 55528 | D:27     | Noticed Xtahua
 55551 | D:27     | Killed Xtahua
 55930 | Zot:1    | Entered Level 1 of the Realm of Zot
 55930 | Zot:1    | Noticed an orb of fire
 58592 | Zot:2    | Reached XP level 25. HP: 120/120 MP: 48/48
 60147 | Zot:3    | Reached XP level 26. HP: 125/125 MP: 36/48
 60241 | Zot:5    | Entered Level 5 of the Realm of Zot
 60598 | Zot:5    | Noticed an orb of fire
 60785 | Zot:5    | Noticed BrocoLee's ghost (legendary OpFE)
 60787 | Zot:5    | Reached skill level 26 in Stabbing
 60788 | Zot:5    | Noticed an ancient lich
 60791 | Zot:5    | Killed an ancient lich
 60943 | Zot:5    | Noticed an ancient lich
 60946 | Zot:5    | Killed an ancient lich
 60948 | Zot:5    | Reached skill level 27 in Stabbing
 61139 | Zot:5    | Reached skill level 10 in Short Blades
 61151 | Zot:5    | Gained mutation: You tend to lose your temper in combat.
 61197 | Zot:5    | Gained mutation: You are clumsy (Dex -1).
 61386 | Zot:5    | Noticed an orb of fire
 61397 | Zot:5    | Gained mutation: You occasionally shout uncontrollably.
 61400 | Zot:5    | Gained mutation: You are frail (-10% HP).
 61401 | Zot:5    | Killed an orb of fire
 61925 | Zot:5    | Noticed an ancient lich
 61943 | Zot:5    | Reached XP level 27. HP: 115/115 MP: 16/48
 62176 | Zot:5    | Killed an ancient lich
 62177 | Zot:5    | Noticed an orb of fire
 62225 | Zot:5    | Noticed an ancient lich
 62596 | Zot:5    | Killed an ancient lich
 62804 | Zot:5    | Gained mutation: You are clumsy (Dex -2).
 62807 | Zot:5    | Killed an orb of fire
 63174 | Zot:5    | Reached skill level 15 in Conjurations
 64012 | Zot:5    | Gained mutation: You are dopey (Int -3).
 64591 | Zot:5    | Got the Orb of Zot
 65485 | D:$      | Escaped with the Orb!
